 Dungeon Crawl Stone Soup version 0.23-a0-636-g0ff6057 (webtiles) character file.

368 zishaf the Magician (level 6, -6/44 HPs)
             Began as a Gnoll Wizard on Dec 28, 2018.
             Was an Initiate of Dithmenos.
             Killed by divine providence
             ... invoked by an orc priest
              (11 damage)
             ... on level 4 of the Dungeon.
             The game lasted 00:07:52 (4405 turns).

zishaf the Magician (Gnoll Wizard)                  Turns: 4405, Time: 00:07:52

Health: -6/44      AC: 11    Str:  9    XL:     6   Next: 69%
Magic:  13/16      EV: 14    Int: 27    God:    Dithmenos [......]
Gold:   199        SH:  0    Dex: 13    Spells: 8/19 levels left

rFire    + + .     SeeInvis .   a - +0 hunting sling
rCold    + . .     Gourm    .   (no shield)
rNeg     . . .     Faith    .   q - +1 leather armour {rF+}
rPois    .         Spirit   .   b - +0 hat
rElec    .         Reflect  .   s - scarf {rC+ rF+}
rCorr    .         Harm     .   j - +0 pair of gloves
MR       .....                  g - +0 pair of boots
Stlth    +.........             (no amulet)
HPRegen  0.14/turn              m - +4 ring of intelligence
MPRegen  0.15/turn              x - +5 ring of protection

@: confused
A: distributed training, fangs 1, strong nose
a: Renounce Religion


You were on level 4 of the Dungeon.
You worshipped Dithmenos.
Dithmenos was noncommittal.
You were not hungry.

You visited 1 branch of the dungeon, and saw 4 of its levels.

You collected 199 gold pieces.

Inventory:

Hand Weapons
 a - a +0 hunting sling (weapon)
Missiles
 i - 30 sling bullets
 l - 74 stones (quivered)
Armour
 b - a +0 hat (worn)
 g - a +0 pair of boots (worn)
 j - a +0 pair of gloves (worn)
 o - a +0 shield
 q - a +1 leather armour of fire resistance (worn)
 s - a scarf of resistance (worn)
Jewellery
 m - a +4 ring of intelligence (left hand)
 v - an uncursed ring of protection from cold
 x - a +5 ring of protection (right hand)
Wands
 w - a wand of iceblast (11)
Scrolls
 e - a scroll of fear {unknown}
 h - 3 scrolls of amnesia {unknown}
 n - 2 scrolls of teleportation {unknown}
 p - a scroll of magic mapping {unknown}
 u - a scroll of immolation {unknown}
 y - a scroll of enchant armour {unknown}
 A - 2 scrolls of enchant weapon {unknown}
 B - 3 scrolls of noise {unknown}
Potions
 c - a potion of heal wounds {unknown}
 f - 3 potions of magic
 k - a potion of curing {unknown}
 r - a potion of ambrosia
 t - a potion of degeneration {unknown}
 z - a potion of lignification {unknown}
 C - a potion of berserk rage {unknown}
Comestibles
 d - 8 rations
 D - a chunk of flesh


   Skills:
 + Level 2.0 Fighting
 + Level 2.0 Short Blades
 + Level 2.0 Long Blades
 + Level 2.0 Axes
 + Level 2.0 Maces & Flails
 + Level 2.0 Polearms
 + Level 2.0 Staves
 + Level 2.0 Slings
 + Level 2.0 Bows
 + Level 2.0 Crossbows
 + Level 2.0 Throwing
 + Level 2.0 Armour
 + Level 5.0 Dodging
 + Level 4.6 Stealth
 + Level 2.0 Shields
 + Level 2.0 Unarmed Combat
 + Level 7.4 Spellcasting
 + Level 2.6 Conjurations
 + Level 1.6 Hexes
 + Level 1.6 Charms
 + Level 2.6 Summonings
 + Level 1.6 Necromancy
 + Level 2.6 Translocations
 + Level 1.6 Transmutations
 + Level 1.6 Fire Magic
 + Level 1.6 Ice Magic
 + Level 1.6 Air Magic
 + Level 1.6 Earth Magic
 + Level 1.6 Poison Magic
 + Level 2.2 Invocations
 + Level 2.0 Evocations


You had 8 spell levels left.
You knew the following spells:

 Your Spells              Type           Power        Failure   Level  Hunger
a - Magic Dart            Conj           ###.         2%          1    None
b - Call Imp              Summ           ###.....     3%          2    None
c - Conjure Flame         Conj/Fire      ###.....     10%         3    None
d - Blink                 Tloc           N/A          3%          2    None
z - Mephitic Cloud        Conj/Pois/Air  ###.....     10%         3    None

Your spell library contained the following spells:

 Spells                   Type           Power        Failure   Level  Hunger
 Slow                     Hex            ###.....     6%          2    None


Dungeon Overview and Level Annotations

Branches:
Dungeon (4/15)
 Temple: D:4-7

Altars:
Ashenzari
Dithmenos
Hepliaklqana
Makhleb
Okawaru
Qazlal
Xom


Innate Abilities, Weirdness & Mutations

Your experience applies equally to all skills.
You have very sharp teeth.
Your uncanny sense of smell can sniff out nearby items.


Message History

The orc wizard is engulfed in noxious fumes.
The orc wizard appears confused.
The orc wizard hits you but does no damage.
The orc is engulfed in noxious fumes.
The orc appears confused.
The orc hits the orc wizard with a +0 club.
The orc barely misses itself.
The orc wizard is engulfed in noxious fumes.
The orc wizard appears confused.
The orc wizard hits the orc with a +0 dagger.
A jackal comes into view.
The orc wizard is engulfed in noxious fumes.
The orc wizard appears confused.
The orc wizard barely misses the orc priest.
You're too confused!
You are engulfed in noxious fumes.
You choke on the stench!
You are more confused.
* * * LOW HITPOINT WARNING * * *
The orc priest invokes the aid of Beogh against you.
Beogh smites you!
You die...

# #. #. ## #. #.######
####. #.# #.
..(...###.... ... #.
#####.....##..# #.# ##
(((.(.........# #.# #
#(..S.###.## #.# #
##..o###...######.####
∆
##oo@h..............÷
######...####...####
##.## #.### #.# #.#
#.# #.# #.# #.# #.#
#.# #.# #.# ...


You could see an orc priest, an orc wizard (confused), an adder, an orc
(confused) and a jackal.

Vanquished Creatures
  The ghost of cdice the Slasher, an amateur DsGl of Yredelemnul (D:3)
  An ogre (D:4)
  A scorpion (D:4)
  6 adders
  An ooze (D:1)
  3 worms
  5 leopard geckos
  3 orcs
  11 bats
  9 giant cockroaches
  5 goblins
  8 hobgoblins
  5 jackals
  8 kobolds
  2 quokkas (D:2)
  2 ball pythons (D:1)
  3 frilled lizards
  10 rats
84 creatures vanquished.

Notes
Turn   | Place    | Note
-------+----------+-------------------------------------------
     0 | D:1      | zishaf the Gnoll Wizard began the quest for the Orb.
     0 | D:1      | Reached XP level 1. HP: 13/13 MP: 8/8
   143 | D:1      | Reached XP level 2. HP: 19/19 MP: 8/10
   153 | D:1      | Learned a level 2 spell: Call Imp
   651 | D:1      | Reached XP level 3. HP: 25/25 MP: 6/11
  1033 | D:1      | Reached skill level 1 in Invocations
  1312 | D:2      | Reached skill level 1 in Fighting
  1312 | D:2      | Reached skill level 1 in Short Blades
  1312 | D:2      | Reached skill level 1 in Long Blades
  1312 | D:2      | Reached skill level 1 in Axes
  1312 | D:2      | Reached skill level 1 in Maces & Flails
  1312 | D:2      | Reached skill level 1 in Polearms
  1312 | D:2      | Reached skill level 1 in Staves
  1312 | D:2      | Reached skill level 1 in Slings
  1312 | D:2      | Reached skill level 1 in Bows
  1312 | D:2      | Reached skill level 1 in Crossbows
  1312 | D:2      | Reached skill level 1 in Throwing
  1312 | D:2      | Reached skill level 1 in Armour
  1312 | D:2      | Reached skill level 1 in Shields
  1312 | D:2      | Reached skill level 1 in Unarmed Combat
  1312 | D:2      | Reached skill level 1 in Evocations
  1322 | D:2      | Learned a level 3 spell: Conjure Flame
  1325 | D:2      | Learned a level 2 spell: Blink
  1329 | D:2      | Learned a level 3 spell: Mephitic Cloud
  1373 | D:2      | Reached XP level 4. HP: 32/32 MP: 13/13
  2246 | D:2      | Reached skill level 1 in Hexes
  2246 | D:2      | Reached skill level 1 in Charms
  2246 | D:2      | Reached skill level 1 in Necromancy
  2246 | D:2      | Reached skill level 1 in Transmutations
  2246 | D:2      | Reached skill level 1 in Fire Magic
  2246 | D:2      | Reached skill level 1 in Ice Magic
  2246 | D:2      | Reached skill level 1 in Air Magic
  2246 | D:2      | Reached skill level 1 in Earth Magic
  2246 | D:2      | Reached skill level 1 in Poison Magic
  2942 | D:3      | Found a runed gate.
  2944 | D:3      | Found a runed gate.
  2944 | D:3      | Found a runed gate.
  2945 | D:3      | Noticed cdice's ghost (amateur DsGl)
  2973 | D:3      | Killed cdice's ghost
  2973 | D:3      | Reached XP level 5. HP: 25/37 MP: 1/14
  3699 | D:3      | Found an iron altar of Okawaru.
  3772 | D:4      | Found a hazy altar of Hepliaklqana.
  3853 | D:4      | Found a shadowy altar of Dithmenos.
  3863 | D:4      | Became a worshipper of Dithmenos the Shadowed
  3873 | D:4      | Reached XP level 6. HP: 44/44 MP: 13/16
  3914 | D:4      | Found a shimmering altar of Xom.
  3914 | D:4      | Found a burning altar of Makhleb.
  3914 | D:4      | Found a stormy altar of Qazlal.
  4178 | D:4      | Reached skill level 5 in Dodging
  4260 | D:4      | Found a shattered altar of Ashenzari.
  4405 | D:4      | Killed from afar by an orc priest

Vault maps used:
D:1:      zelgadis_glass_arrival_small, serial_forest,
          infiniplex_forest_lined_2, infiniplex_forest_fountain,
          infiniplex_forest_clump_medium, infiniplex_forest_straight_1,
          infiniplex_forest_end_3, infiniplex_forest_end_3,
          infiniplex_forest_clump_large, infiniplex_forest_fountain,
          infiniplex_forest_lined_3_way, st_stairs_7
D:2:      first_ration, minmay_misc_feat_cross
D:3:      overflow_temple_1_default, ebering_ghost_rock_garden
D:4:      nicolae_overflow_crystal_walls, lemuel_coloured_pillars_altar,
          chequers_temple_overflow_statue_of_worship, kennysheep_little_box

Skill      XL: |  1  2  3  4  5  6 |
---------------+-------------------+-----
Conjurations   | 2 |  2.6
Summonings     | 2 |  2.6
Translocations | 2 |  2.6
Invocations    | 1 2 |  2.2
Fighting       | 1 2 |  2.0
Short Blades   | 1 2 |  2.0
Long Blades    | 1 2 |  2.0
Axes           | 1 2 |  2.0
Maces & Flails | 1 2 |  2.0
Polearms       | 1 2 |  2.0
Staves         | 1 2 |  2.0
Slings         | 1 2 |  2.0
Bows           | 1 2 |  2.0
Crossbows      | 1 2 |  2.0
Throwing       | 1 2 |  2.0
Armour         | 1 2 |  2.0
Shields        | 1 2 |  2.0
Unarmed Combat | 1 2 |  2.0
Evocations     | 1 2 |  2.0
Hexes          | 1 |  1.6
Charms         | 1 |  1.6
Necromancy     | 1 |  1.6
Transmutations | 1 |  1.6
Fire Magic     | 1 |  1.6
Ice Magic      | 1 |  1.6
Air Magic      | 1 |  1.6
Earth Magic    | 1 |  1.6
Poison Magic   | 1 |  1.6
Dodging        | 5 |  5.0
Stealth        | |  4.6
Spellcasting   | |  7.4

Action                   |  1- 3 |  4- 6 || total
-------------------------+-------+-------++-------
Melee: Hunting sling     |       |     2 ||     2
 Fire: Hunting sling     |    18 |   120 ||   138
 Cast: Magic Dart        |    66 |    86 ||   152
       Conjure Flame     |       |     8 ||     8
       Mephitic Cloud    |       |     1 ||     1
  Use: Scroll            |       |     3 ||     3
  Eat: Chunk             |     1 |     9 ||    10
Armor: Robe              |     2 |    11 ||    13
       Leather armour    |       |     8 ||     8
Dodge: Dodged            |    10 |    43 ||    53

Table legend:
 A = Non-vault XP
 B = Vault XP
 C = Vault XP percentage of total XP
 D = Non-vault monster count
 E = Vault monster count
 F = Vault count percentage of total count
                 A         B        C        D         E       F
            +---------+---------+-------+---------+---------+-------
      Total |     409 |     118 |  22.4 |      82 |       2 |   2.4
            +---------+---------+-------+---------+---------+-------
        D:1 |      60 |       3 |   4.8 |      31 |       1 |   3.1
        D:2 |      81 |       0 |   0.0 |      31 |       0 |   0.0
        D:3 |      37 |     115 |  75.7 |      13 |       1 |   7.1
        D:4 |     231 |       0 |   0.0 |       7 |       0 |   0.0
            +---------+---------+-------+---------+---------+-------
